 Dungeon Crawl Stone Soup version 0.29.0-4-gdea44cf6ec (webtiles) character file.

Game seed: 11295621352889559166

32 qw the Chopper (level 3, 0/21 HPs)
             Began as a Tengu Warper on Aug 28, 2022.
             Succumbed to their own poison gas
             ... on level 1 of the Dungeon.
             The game lasted 00:00:06 (1414 turns).

qw the Chopper (Tengu Warper)                       Turns: 1414, Time: 00:00:07

Health: 0/21       AC:  5    Str: 13    XL:     3   Next: 27%
Magic:  7/7        EV: 11    Int: 13    God:
Gold:   19         SH:  0    Dex: 13    Spells: 6/6 levels left

rFire   . . .      SeeInvis .   Y - +0 hand axe
rCold   . . .      Faith    .   (no shield)
rNeg    . . .      Spirit   .   i - +0 ring mail
rPois   .          Reflect  .   (helmet restricted)
rElec   .          Harm     .   (no cloak)
rCorr   .          Rampage  .   (no gloves)
Will    .....                   (boots unavailable)
Stlth   +.........              (no amulet)
HPRegen 0.07/turn               (no ring)
MPRegen 0.10/turn               (no ring)

@: lethally poisoned (0 -> -3)
A: beak, talons 3
a: no special abilities


You were on level 1 of the Dungeon.
You visited 1 branch of the dungeon, and saw 1 of its levels.

You collected 19 gold pieces.


Innate Abilities, Weirdness & Mutations

You have a beak for a mouth.
You have claws for feet.


   Skills:
 - Level 2.0 Fighting
 + Level 4.0 Axes
 - Level 1.0 Throwing
 - Level 1.1 Armour
 - Level 2.1 Dodging
 - Level 2.0 Spellcasting
 - Level 2.4 Translocations


You had 6 spell levels left.
You didn't know any spells.
Your spell library contained the following spells:

 Spells                   Type           Power      Damage    Failure   Level
 Blink                    Tloc           14%        N/A       30%         2
 Gell's Gravitas          Tloc           7%         N/A       52%         3
 Lesser Beckoning         Tloc           7%         N/A       52%         3
 Teleport Other           Tloc           7%         N/A       52%         3
 Manifold Assault         Tloc           7%         N/A       99%         5

Inventory:

Hand Weapons
 h - a +0 club
 Y - a +0 hand axe (weapon)
Armour
 i - a +0 ring mail (worn)
Potions
 f - a potion of brilliance {unknown}

Dungeon Overview and Level Annotations

Branches:
Dungeon (1/15)

Altars:


Message History

Done exploring.
1404 ||| READING scroll labelled NERGHIMP QOERR.
As you read the scroll labelled NERGHIMP QOERR, it crumbles to dust.
It is a scroll of amnesia.
You feel forgetful for a moment.
Done exploring.
1405 ||| READING scroll labelled NAQUYD UCYU.
As you read the scroll labelled NAQUYD UCYU, it crumbles to dust.
You hear a loud clanging noise!
It was a scroll of noise.
Done exploring.
1406 ||| READING scroll labelled XEBESU VYOTU.
The air fills with toxic fumes!
As you read the scroll labelled XEBESU VYOTU, it crumbles to dust.
It was a scroll of poison.
Done exploring.
1407 ||| DROPPING scroll of blinking.
You drop a scroll of blinking.
Done exploring.
(D) Dungeon
Where to? (* - list waypoints, ? - help)
What level of the Dungeon? (default 1, ? - help) Sorry, I don't know how to get there.
Done exploring.
1408 ||| Stepping randomly (stuck).
Really walk into that cloud of poison gas?
You are engulfed in poison gas.
You are poisoned.
You feel very sick.
1409 ||| Stepping ~*~*~tactically~*~*~ (cloud).
You feel very sick.
Things that are here:
a scroll of blinking; a ring of magical power; a +0 leather armour
There is a lethal amount of poison in your body!
You feel sick.
There is a lethal amount of poison in your body!
You feel sick.
There is a lethal amount of poison in your body!
You feel sick.
There is a lethal amount of poison in your body!
You feel sick.
There is a lethal amount of poison in your body!
You die...

###############
#.....¤¤¤¤0¤0@#
#.###########0# #
#.#..).# #¤# #
#.#.##.# #0#
####.#.##.######0#
...........>...#0#
####.#.##.#.##.#0#
# #.#.##.#....#0#
# #.#.##......#.#


There were no monsters in sight!

Vanquished Creatures
  2 dart slugs (D:1)
  A bat (D:1)
  2 endoplasms (D:1)
  3 goblins (D:1)
  2 hobgoblins (D:1)
  3 jackals (D:1)
  4 quokkas (D:1)
  2 ball pythons (D:1)
  2 kobolds (D:1)
  3 rats (D:1)
  A spectral goblin (D:1)
25 creatures vanquished.

Notes
Turn   | Place    | Note
-------+----------+-------------------------------------------
     0 | D:1      | qw the Tengu Warper began the quest for the Orb.
     0 | D:1      | Reached XP level 1. HP: 12/12 MP: 4/4
     0 | D:1      | 0 ||| qw: Version: 0.1-a-89-g26bdef1
     0 | D:1      | 0 ||| qw: Game counter: 1959
     0 | D:1      | 0 ||| qw: Always use a shield: true
     0 | D:1      | 0 ||| qw: God list: Okawaru
     0 | D:1      | 0 ||| qw: Allow faded altars: false
     0 | D:1      | 0 ||| qw: Do Orc after D:15 true
     0 | D:1      | 0 ||| qw: Do second Lair branch before Depths: true
     0 | D:1      | 0 ||| qw: Lair rune preference: random
     0 | D:1      | 0 ||| qw: Plans: Normal
     0 | D:1      | 0 ||| PLANNING D:1-11
    55 | D:1      | 55 ||| Stepping ~*~*~tactically~*~*~ (stealth).
   140 | D:1      | Found a faded altar of an unknown god.
   142 | D:1      | 142 ||| Stepping ~*~*~tactically~*~*~ (water).
   145 | D:1      | Reached XP level 2. HP: 15/17 MP: 6/6
   206 | D:1      | Reached skill level 3 in Axes
   404 | D:1      | 404 ||| Stepping ~*~*~tactically~*~*~ (stealth).
   562 | D:1      | HP: 4/17 [quokka (3)]
   829 | D:1      | 829 ||| Stepping ~*~*~tactically~*~*~ (stealth).
  1067 | D:1      | Reached XP level 3. HP: 21/21 MP: 7/7
  1177 | D:1      | Reached skill level 4 in Axes
  1391 | D:1      | 1391 ||| UPGRADING to +0 ring mail.
  1401 | D:1      | 1401 ||| DROPPING +0 leather armour.
  1402 | D:1      | 1402 ||| DROPPING ring of magical power.
  1403 | D:1      | 1403 ||| READING scroll labelled ERUEVO ESOIGIG.
  1404 | D:1      | 1404 ||| READING scroll labelled NERGHIMP QOERR.
  1405 | D:1      | 1405 ||| READING scroll labelled NAQUYD UCYU.
  1406 | D:1      | 1406 ||| READING scroll labelled XEBESU VYOTU.
  1407 | D:1      | 1407 ||| DROPPING scroll of blinking.
  1408 | D:1      | 1408 ||| Stepping randomly (stuck).
  1409 | D:1      | 1409 ||| Stepping ~*~*~tactically~*~*~ (cloud).
  1410 | D:1      | HP: 5/21 [poisoned by you (poison gas)]
  1412 | D:1      | HP: 2/21 [poisoned by you (poison gas)]
  1414 | D:1      | Succumbed to their own poison gas

Levels and vault maps discovered:
D:1:      lightli_iron_boxes, layout_basic,
          dreamdust_ecumenical_altar_drowned_temple

Skill      XL: |  1  2  3 |
---------------+----------+-----
Axes           | 3 4 |  4.0
Fighting       | |  2.0
Throwing       | |  1.0
Armour         | |  1.1
Dodging        | |  2.1
Spellcasting   | |  2.0
Translocations | |  2.4

Action                   || total
-------------------------++-------
Melee: Hand axe          ||    51
       Kick              ||    14
       Peck              ||     3
Throw: Boomerang         ||     7
  Use: Scroll            ||     4
Armor: Leather armour    ||    11
Dodge: Dodged            ||    17

Table legend:
 A = Non-vault XP
 B = Vault XP
 C = Vault XP percentage of total XP
 D = Non-vault monster count
 E = Vault monster count
 F = Vault count percentage of total count
                 A         B        C        D         E       F
            +---------+---------+-------+---------+---------+-------
      Total |      46 |       1 |   2.1 |      24 |       1 |   4.0
            +---------+---------+-------+---------+---------+-------
        D:1 |      46 |       1 |   2.1 |      24 |       1 |   4.0
            +---------+---------+-------+---------+---------+-------
